EL
BOWIE BAYSOX @ HARTFORD YARD GOATS
06/11/2099
 
TOP OF THE 1ST
Bowie Baysox batting - Pitching for Hartford Yard Goats : LHP Tim Cockfield
Pitching: LHP Tim Cockfield
Batting: RHB Mark Squier 0-0: Ball
1-0: Swinging Strike
1-1: SINGLE (Line Drive, 56D, EV 104.4 MPH)
Batting: RHB Daniel Jividen 0-0: Ball
1-0: Foul Ball, location: 3FF
1-1: Foul Ball, location: 2F
1-2: Ball
2-2: Foul Ball, location: 9LDF
2-2: Foul Ball, location: 9LDF
2-2: Ball
3-2: Strikes out swinging
Batting: RHB B.J. Frantz 0-0: Ball
1-0: Called Strike
1-1: Swinging Strike
1-2: Strikes out swinging
Batting: RHB George Champagne 0-0: Ball
1-0: Foul Ball, location: 9LSF
1-1: DOUBLE (Line Drive, 7LM, EV 103.8 MPH)
Mark Squier to third
Batting: LHB Jesus Garcia 0-0: Called Strike
0-1: Ball
1-1: Foul Ball, location: 2F
1-2: Ball
2-2: Ball
3-2: Foul Ball, location: 2F
3-2: Ground out 6-3 (Groundball, 6, EV 103.1 MPH)
Top of the 1st over - 0 runs, 2 hits, 0 errors, 2 left on base; Bowie 0 - Hartford 0
BOTTOM OF THE 1ST
Hartford Yard Goats batting - Pitching for Bowie Baysox : RHP Steve Vaillancourt
Pitching: RHP Steve Vaillancourt
Batting: LHB Jim Kuttler 0-0: Ball
1-0: Called Strike
1-1: Ball
2-1: Called Strike
2-2: Foul Ball, location: 2F
2-2: Ball
3-2: DOUBLE (Flyball, 8LXD, EV 98.8 MPH)
Batting: LHB Ivan Alcantar 0-0: Ball
1-0: Ball
2-0: Ball
3-0: Base on Balls
Batting: LHB Jake Everett 0-0: Ball
1-0: Called Strike
1-1: Ball
2-1: Foul Ball, location: 2LF
2-2: Fly out, F7 (Line Drive, 7, EV 90.6 MPH)
Batting: RHB T.J. Krakowski 0-0: Foul Ball, location: 2RF
0-1: Foul Ball, location: 5F
0-2: Ball
1-2: Fly out, F7 (Flyball, 7LM, EV 92.5 MPH)
Batting: RHB Mark Bevan 0-0: Foul Ball, location: 3F
0-1: Ball
1-1: Swinging Strike
1-2: Ball
2-2: Ball
3-2: Base on Balls
Jim Kuttler to third
Ivan Alcantar to second
Batting: RHB Ramon Vazquez 0-0: Called Strike
0-1: Ball
1-1: Fly out, F4 (Popup, 4S, EV 81.9 MPH)
Bottom of the 1st over - 0 runs, 1 hit, 0 errors, 3 left on base; Bowie 0 - Hartford 0
TOP OF THE 2ND
Bowie Baysox batting - Pitching for Hartford Yard Goats : LHP Tim Cockfield
Batting: RHB Joe Hutton 0-0: Ball
1-0: Ball
2-0: Foul Ball, location: 9LSF
2-1: Swinging Strike
2-2: Ball
3-2: Base on Balls
Batting: RHB Travis Pesola 0-0: Ball
1-0: Grounds into double play, 5-4-3 (Groundball, 56, EV 79.4 MPH)
Batting: LHB Scott Guzik 0-0: Swinging Strike
0-1: Foul Ball, location: 2F
0-2: Ball
1-2: Strikes out looking
Top of the 2nd over - 0 runs, 0 hits, 0 errors, 0 left on base; Bowie 0 - Hartford 0
BOTTOM OF THE 2ND
Hartford Yard Goats batting - Pitching for Bowie Baysox : RHP Steve Vaillancourt
Batting: SHB Jason Robbins 0-0: SINGLE (Line Drive, 9S, EV 94.4 MPH)
Batting: RHB Ryan Williams 0-0: Called Strike
0-1: Ball
1-1: SINGLE (Line Drive, 3D, EV 102.5 MPH)
Jason Robbins to second
Batting: RHB Pedro Chamaua 0-0: Foul Ball, location: 3FF
0-1: Bunted foul
0-2: Foul Ball, location: 5F
0-2: Strikes out swinging
Batting: LHB Jim Kuttler 0-0: Foul Ball, location: 2F
0-1: Ball
1-1: Ball
2-1: Fly out, F8 (Flyball, 8RD, EV 110.6 MPH)
Batting: LHB Ivan Alcantar 0-0: Ball
1-0: Swinging Strike
1-1: Foul Ball, location: 7LMF
1-2: Ball
2-2: Foul Ball, location: 2F
2-2: Strikes out swinging
Bottom of the 2nd over - 0 runs, 2 hits, 0 errors, 2 left on base; Bowie 0 - Hartford 0
TOP OF THE 3RD
Bowie Baysox batting - Pitching for Hartford Yard Goats : LHP Tim Cockfield
Batting: RHB Bob Cairns 0-0: Foul Ball, location: 3FF
0-1: Ground out 5-3 (Groundball, 5, EV 87.5 MPH)
Pitching: RHP Ryan Fuller
Batting: RHB Mark Squier 0-0: Fly out, F9 (Flyball, 9, EV 86.3 MPH)
Batting: RHB Daniel Jividen 0-0: Called Strike
0-1: Ball
1-1: Fly out, F5 (Popup, 25, EV 86.3 MPH)
Top of the 3rd over - 0 runs, 0 hits, 0 errors, 0 left on base; Bowie 0 - Hartford 0
BOTTOM OF THE 3RD
Hartford Yard Goats batting - Pitching for Bowie Baysox : RHP Steve Vaillancourt
Batting: LHB Jake Everett 0-0: Ball
1-0: Called Strike
1-1: Foul Ball, location: 2F
1-2: Ball
2-2: Ball
3-2: Fly out, F1 (Popup, P, EV 78.1 MPH)
Batting: RHB T.J. Krakowski 0-0: Ball
1-0: Ball
2-0: Called Strike
2-1: Ball
3-1: Base on Balls
Batting: RHB Mark Bevan 0-0: Ball
1-0: Swinging Strike
1-1: Foul Ball, location: 3F
1-2: Ball
2-2: Strikes out swinging
Batting: RHB Ramon Vazquez 0-0: Foul Ball, location: 9LMF
0-1: Ball
1-1: Ball
2-1: Ball
3-1: SINGLE (Groundball, 6MD, EV 95.0 MPH)
T.J. Krakowski to second
Batting: SHB Jason Robbins 0-0: Fly out, F7 (Flyball, 7D, EV 95.0 MPH)
Bottom of the 3rd over - 0 runs, 1 hit, 0 errors, 2 left on base; Bowie 0 - Hartford 0
TOP OF THE 4TH
Bowie Baysox batting - Pitching for Hartford Yard Goats : RHP Ryan Fuller
Batting: RHB B.J. Frantz 0-0: Ball
1-0: Fly out, F9 (Flyball, 89M, EV 90.6 MPH)
Batting: RHB George Champagne 0-0: Called Strike
0-1: Ball
1-1: Ball
2-1: Foul Ball, location: 7LSFF
2-2: Fly out, F8 (Line Drive, 8RM, EV 98.1 MPH)
Batting: LHB Jesus Garcia 0-0: Ball
1-0: Foul Ball, location: 2F
1-1: Foul Ball, location: 7LDF
1-2: Ball
2-2: Foul Ball, location: 2F
2-2: Foul Ball, location: 2F
2-2: Fly out, F6 (Popup, 6, EV 56.3 MPH)
Top of the 4th over - 0 runs, 0 hits, 0 errors, 0 left on base; Bowie 0 - Hartford 0
BOTTOM OF THE 4TH
Hartford Yard Goats batting - Pitching for Bowie Baysox : RHP Steve Vaillancourt
Batting: RHB Ryan Williams 0-0: Ball
1-0: Foul Ball, location: 2F
1-1: Foul Ball, location: 3F
1-2: Ball
2-2: Foul Ball, location: 7LSF
2-2: Foul Ball, location: 9LDF
2-2: Ball
3-2: Foul Ball, location: 5FF
3-2: Strikes out swinging
Batting: RHB Pedro Chamaua 0-0: Fly out, F8 (Flyball, 8LD, EV 81.3 MPH)
Batting: LHB Jim Kuttler 0-0: Called Strike
0-1: Foul Ball, location: 2F
0-2: Ball
1-2: Foul Ball, location: 9LDF
1-2: Ball
2-2: Ball
3-2: Foul Ball, location: 5FF
3-2: DOUBLE (Groundball, 3L, EV 108.1 MPH)
Batting: LHB Ivan Alcantar 0-0: Ball
1-0: Ball
Wild Pitch!
Jim Kuttler to third
2-0: Ball
3-0: Ground out U3 (Groundball, 3L, EV 84.4 MPH)
Bottom of the 4th over - 0 runs, 1 hit, 0 errors, 1 left on base; Bowie 0 - Hartford 0
TOP OF THE 5TH
Bowie Baysox batting - Pitching for Hartford Yard Goats : RHP Ryan Fuller
Batting: RHB Joe Hutton 0-0: Called Strike
0-1: Ball
1-1: Called Strike
1-2: SINGLE (Groundball, 4MD, EV 108.8 MPH)
Batting: RHB Travis Pesola 0-0: Called Strike
0-1: Ball
1-1: Foul Ball, location: 2RF
1-2: Strikes out swinging
Batting: LHB Scott Guzik 0-0: Fly out, F3 (Popup, 3F, EV 63.8 MPH)
Batting: RHB Bob Cairns 0-0: Ball
1-0: Foul Ball, location: 2F
1-1: Ball
2-1: Foul Ball, location: 9LSF
2-2: Reached on error, E6 (Groundball, 6S, EV 90.0 MPH)
Joe Hutton to second
Batting: RHB Mark Squier 0-0: Foul Ball, location: 2F
0-1: Ball
1-1: Foul Ball, location: 9LSF
1-2: Ball
2-2: Foul Ball, location: 3F
2-2: Ball
3-2: Base on Balls
Joe Hutton to third
Bob Cairns to second
Pinch Hitting: LHB Bill Self 0-0: Called Strike
0-1: Fly out, F9 (Flyball, 9, EV 96.3 MPH)
Top of the 5th over - 0 runs, 1 hit, 1 error, 3 left on base; Bowie 0 - Hartford 0
BOTTOM OF THE 5TH
Hartford Yard Goats batting - Pitching for Bowie Baysox : RHP Steve Vaillancourt
Now at 3B: Bob Cairns
Now at SS: Adam Gray
Batting: LHB Jake Everett 0-0: Ball
1-0: Swinging Strike
1-1: Foul Ball, location: 7LDF
1-2: Ball
2-2: Foul Ball, location: 7LSF
2-2: Ball
3-2: Base on Balls
Pitching: RHP Kyle Hassman
Batting: RHB T.J. Krakowski 0-0: Foul Ball, location: 2F
0-1: Ball
1-1: Ball
2-1: Swinging Strike
2-2: Ball
3-2: Foul Ball, location: 9LMF
3-2: Fly out, F9 (Flyball, 89XD, EV 103.8 MPH)
Batting: RHB Mark Bevan 0-0: Swinging Strike
0-1: Ball
1-1: Foul Ball, location: 2F
1-2: Foul Ball, location: 9LSFF
1-2: Ball
2-2: Foul Ball, location: 5FF
2-2: Foul Ball, location: 2F
2-2: Ball
3-2: SINGLE (Line Drive, 7S, EV 93.1 MPH)
Jake Everett to second
Batting: RHB Ramon Vazquez 0-0: Ball
1-0: DOUBLE (Flyball, 89XD, EV 110.6 MPH)
Jake Everett scores
Mark Bevan to third
Runner from 3rd tries for Home, SAFE, no throw by RF
Batting: SHB Jason Robbins 0-0: Ball
1-0: Ball
2-0: Ball
3-0: Called Strike
3-1: Base on Balls
Batting: RHB Ryan Williams 0-0: Called Strike
0-1: Ball
1-1: Ball
2-1: Swinging Strike
2-2: Ball
3-2: Grounds into double play, 5-4-3 (Groundball, 56S, EV 87.5 MPH)
Bottom of the 5th over - 2 runs, 2 hits, 0 errors, 1 left on base; Bowie 0 - Hartford 2
TOP OF THE 6TH
Bowie Baysox batting - Pitching for Hartford Yard Goats : RHP Ryan Fuller
Batting: RHB B.J. Frantz 0-0: Ball
1-0: Fly out, F6 (Popup, P, EV 75.0 MPH)
Batting: RHB George Champagne 0-0: Fly out, F9 (Flyball, 89D, EV 95.0 MPH)
Batting: LHB Jesus Garcia 0-0: Ball
1-0: Foul Ball, location: 5FF
1-1: Foul Ball, location: 2F
1-2: Ball
2-2: Foul Ball, location: 2F
2-2: Foul Ball, location: 7LMF
2-2: Foul Ball, location: 2F
2-2: SINGLE (Groundball, 6MD, EV 98.1 MPH)
Batting: RHB Joe Hutton 0-0: Ball
1-0: Swinging Strike
1-1: SINGLE (Groundball, 6MD, EV 98.8 MPH)
Jesus Garcia to second
Runner from 2nd tries for 3rd, SAFE, no throw by CF
Batting: RHB Travis Pesola 0-0: Ball
1-0: Ball
2-0: Ground out 4-3 (Groundball, 4, EV 88.1 MPH)
Top of the 6th over - 0 runs, 2 hits, 0 errors, 2 left on base; Bowie 0 - Hartford 2
BOTTOM OF THE 6TH
Hartford Yard Goats batting - Pitching for Bowie Baysox : RHP Kyle Hassman
Batting: RHB Pedro Chamaua 0-0: Ball
1-0: Swinging Strike
1-1: Foul Ball, location: 3F
1-2: Foul Ball, location: 2F
1-2: Strikes out swinging, 2-3 out at first.
Batting: LHB Jim Kuttler 0-0: SINGLE (Groundball, P, EV 88.8 MPH) (infield hit)
Batting: LHB Ivan Alcantar 0-0: Ball
1-0: Ball
2-0: Swinging Strike
2-1: Ball
3-1: Base on Balls
Jim Kuttler to second
Batting: LHB Jake Everett 0-0: Called Strike
0-1: Called Strike
0-2: Ball
1-2: 3-RUN HOME RUN (Flyball, 78XD, EV 96.9 MPH), Distance : 400 ft
Pitching: RHP Jon Baker
Batting: RHB T.J. Krakowski 0-0: Ball
1-0: Called Strike
1-1: Called Strike
1-2: Ball
2-2: Ball
3-2: Foul Ball, location: 2F
3-2: SOLO HOME RUN (Flyball, 7D, EV 93.8 MPH), Distance : 368 ft
Batting: RHB Mark Bevan 0-0: Called Strike
0-1: Ball
1-1: Ball
2-1: Ball
3-1: Called Strike
3-2: Base on Balls
Batting: RHB Ramon Vazquez 0-0: SINGLE (Flyball, 9LS, EV 91.9 MPH)
Mark Bevan to second
Batting: SHB Jason Robbins 0-0: Grounds into double play, U6-3 (Groundball, 4M, EV 83.8 MPH)
Bottom of the 6th over - 4 runs, 4 hits, 0 errors, 1 left on base; Bowie 0 - Hartford 6
TOP OF THE 7TH
Bowie Baysox batting - Pitching for Hartford Yard Goats : RHP Ryan Fuller
Batting: LHB Scott Guzik 0-0: Foul Ball, location: 5SF
0-1: Foul Ball, location: 3DF
0-2: Strikes out swinging
Batting: RHB Bob Cairns 0-0: Ball
1-0: Called Strike
1-1: Ball
2-1: Foul Ball, location: 3SF
2-2: Ground out 5-3 (Groundball, 5, EV 80.6 MPH)
Batting: RHB Mark Squier 0-0: Ball
1-0: Called Strike
1-1: Foul Ball, location: 23F
1-2: Ball
2-2: Ball
3-2: Foul Ball, location: 3F
3-2: SOLO HOME RUN (Flyball, 78XD, EV 96.3 MPH), Distance : 384 ft
Batting: RHB Adam Gray 0-0: Ball
1-0: Called Strike
1-1: DOUBLE (Groundball, 3L, EV 105.0 MPH)
Pitching: RHP Miguel Murillo
Batting: RHB B.J. Frantz 0-0: Ball
1-0: Called Strike
1-1: Foul Ball, location: 9LSF
1-2: Foul Ball, location: 2F
1-2: Fly out, F7 (Flyball, 7, EV 87.5 MPH)
Top of the 7th over - 1 run, 2 hits, 0 errors, 1 left on base; Bowie 1 - Hartford 6
BOTTOM OF THE 7TH
Hartford Yard Goats batting - Pitching for Bowie Baysox : RHP Jon Baker
Batting: RHB Ryan Williams 0-0: Ball
1-0: Ground out 5-3 (Groundball, 56, EV 81.9 MPH)
Batting: RHB Pedro Chamaua 0-0: Called Strike
0-1: Called Strike
0-2: Strikes out looking
Batting: LHB Jim Kuttler 0-0: Ball
1-0: Called Strike
1-1: Ground out U3 (Groundball, 34S, EV 86.9 MPH)
Bottom of the 7th over - 0 runs, 0 hits, 0 errors, 0 left on base; Bowie 1 - Hartford 6
TOP OF THE 8TH
Bowie Baysox batting - Pitching for Hartford Yard Goats : RHP Miguel Murillo
Batting: RHB George Champagne 0-0: Ball
1-0: Ball
2-0: Foul Ball, location: 23F
2-1: Swinging Strike
2-2: Foul Ball, location: 3F
2-2: Foul Ball, location: 5F
2-2: Foul Ball, location: 9LSF
2-2: Strikes out swinging
Batting: LHB Jesus Garcia 0-0: Ball
1-0: Ball
2-0: Called Strike
2-1: SINGLE (Groundball, 34D, EV 105.6 MPH)
Batting: RHB Joe Hutton 0-0: Ball
1-0: Called Strike
1-1: Swinging Strike
1-2: Ball
2-2: Foul Ball, location: 3F
2-2: Foul Ball, location: 3F
2-2: Foul Ball, location: 2LF
2-2: Ball
3-2: Grounds into double play, 4-6-3 (Groundball, 4, EV 90.6 MPH)
Top of the 8th over - 0 runs, 1 hit, 0 errors, 0 left on base; Bowie 1 - Hartford 6
BOTTOM OF THE 8TH
Hartford Yard Goats batting - Pitching for Bowie Baysox : RHP Jon Baker
Batting: LHB Ivan Alcantar 0-0: Called Strike
0-1: Ball
1-1: Called Strike
1-2: Ball
2-2: Ball
3-2: Fly out, F8 (Flyball, 8RD, EV 99.4 MPH)
Batting: LHB Jake Everett 0-0: Ball
1-0: Ball
2-0: Ball
3-0: Foul Ball, location: 2F
3-1: Foul Ball, location: 2F
3-2: Base on Balls
Batting: RHB T.J. Krakowski 0-0: Called Strike
0-1: Ball
1-1: Swinging Strike
1-2: Fly out, F7 (Line Drive, 7, EV 85.6 MPH)
Batting: RHB Mark Bevan 0-0: Called Strike
0-1: Ball
1-1: Ball
2-1: Foul Ball, location: 9LMF
2-2: Ball
3-2: Base on Balls
Jake Everett to second
Batting: RHB Ramon Vazquez 0-0: Called Strike
0-1: Fielders Choice at 2nd, 5-4 (Groundball, 56, EV 105.6 MPH)
Bottom of the 8th over - 0 runs, 0 hits, 0 errors, 2 left on base; Bowie 1 - Hartford 6
TOP OF THE 9TH
Bowie Baysox batting - Pitching for Hartford Yard Goats : RHP Miguel Murillo
Batting: RHB Travis Pesola 0-0: Fly out, F7 (Flyball, 7S, EV 82.5 MPH)
Batting: LHB Scott Guzik 0-0: Ball
1-0: Called Strike
1-1: Called Strike
1-2: Ball
2-2: Ball
3-2: Strikes out swinging
Batting: RHB Bob Cairns 0-0: Fly out, F9 (Flyball, 9, EV 88.8 MPH)
Top of the 9th over - 0 runs, 0 hits, 0 errors, 0 left on base; Bowie 1 - Hartford 6
Wednesday, May 8th , 2024 - OOTP Baseball 24.11 Build 85